 Dungeon Crawl Stone Soup version 0.28.0-47-ge53b351184 (webtiles) character file.

Game seed: 14299912701419210932

2 Iusername the Poker (level 1, -2/16 HPs)
             Began as a Merfolk Gladiator on May 5, 2022.
             Succumbed to a kobold's poison
             ... on level 1 of the Dungeon.
             The game lasted 00:00:18 (16 turns).

Iusername the Poker (Merfolk Gladiator)               Turns: 16, Time: 00:00:19

Health: -2/16      AC:  4    Str: 14    XL:     1   Next: 40%
Magic:  1/1        EV: 13    Int:  7    God:
Gold:   0          SH:  0    Dex: 15    Spells: 0/0 levels left

rFire   . . .      SeeInvis .   a - +0 trident
rCold   . . .      Faith    .   (no shield)
rNeg    . . .      Spirit   .   b - +0 leather armour
rPois   .          Reflect  .   c - +0 helmet
rElec   .          Harm     .   (no cloak)
rCorr   .          Rampage  .   (no gloves)
Will    .....                   (no boots)
Stlth   +.........              (no amulet)
HPRegen 0.05/turn               (no ring)
MPRegen 0.07/turn               (no ring)

@: lethally poisoned (-2 -> -16)
A: (nimble swimmer 2), mertail
a: no special abilities


You were on level 1 of the Dungeon.
You visited 1 branch of the dungeon, and saw 1 of its levels.

Inventory:

Hand Weapons
 a - a +0 trident (weapon)
Missiles
 d - 3 throwing nets (quivered)
Armour
 b - a +0 leather armour (worn)
 c - a +0 helmet (worn)


   Skills:
 + Level 2.2 Fighting
 + Level 4.5 Polearms
 + Level 2.0 Throwing
 + Level 4.0 Dodging


You couldn't memorise any spells.
You didn't know any spells.
Your spell library was empty.

Dungeon Overview and Level Annotations

Branches:
Dungeon (1/15)

Altars:


Innate Abilities, Weirdness & Mutations

((You are very nimble when in or above water. (Stealth+, EV+, Speed+++)))
Your lower body shifts to a powerful aquatic tail in water.


Message History

You reach to attack!
You hit the kobold but do no damage.
A rat comes into view.
The kobold throws a stone.
The stone hits you but does no damage.
You reach to attack!
You hit the kobold.
The kobold is heavily wounded.
A kobold comes into view. It is wielding a +1 dagger of venom.
You reach to attack!
The kobold shouts!
You hit the kobold.
You kill the kobold!
Your legs become a tail as you enter the water.
You reach to attack!
You puncture the rat!
You kill the rat!
You reach to attack!
You hit the kobold but do no damage. You hit the kobold but do no damage.
The kobold hits you but does no damage.
You are poisoned.
You closely miss the kobold.
You feel very sick.
The kobold hits you with a +1 dagger of venom.
You are lethally poisoned!
You barely miss the kobold.
You feel very sick.
The kobold hits you with a +1 dagger of venom.
You are more poisoned.
You are too injured to fight recklessly!
You are too injured to fight recklessly!
You are too injured to fight recklessly!
You are too injured to fight recklessly!
You are too injured to fight recklessly!
You are too injured to fight recklessly!
You are too injured to fight recklessly!
You are too injured to fight recklessly!
You are too injured to fight recklessly!
Unknown command.
You are too injured to fight recklessly!
You puncture the kobold!
You kill the kobold!
* * * LOW HITPOINT WARNING * * *
You feel very sick.
You die...

..... .#.# ...... ...#
....... ... ........#
..###
#...........##....
##..≈≈≈.≈≈≈...#..#
...≈≈.....≈≈.....#
..≈≈..8....≈≈.@†.###..
.≈≈.........≈≈........
.≈.....♣.....≈)..###..
.≈..♣...(.8..≈...##
.≈≈..8.<....≈≈!......
..≈≈..♣....≈≈....###.
#..≈≈.....≈≈.....#
#...≈≈≈≈≈≈≈..#...#
#.#.........##...#


There were no monsters in sight!

Vanquished Creatures
  2 kobolds (D:1)
  A rat (D:1)
3 creatures vanquished.

Notes
Turn   | Place    | Note
-------+----------+-------------------------------------------
     0 | D:1      | Iusername the Merfolk Gladiator began the quest for the
                  | Orb.
     0 | D:1      | Reached XP level 1. HP: 16/16 MP: 1/1
    16 | D:1      | Succumbed to a kobold's poison

Illustrated notes

Levels and vault maps discovered:
D:1:      moated_graveyard_arrival, layout_basic, serial_co_window_serial,
          co_window_paths_a, co_window_paths_a, co_window_of_opportunity_a,
          co_window_of_opportunity_a, co_window_paths_a,
          co_window_of_opportunity_a, co_window_of_opportunity_c,
          co_window_2corner, co_window_corner_cb, co_window_broadway_b,
          glass_columns_a, glass_columns_a, glass_columns_c, glass_columns_b,
          serial_shops, shop, dreamdust_ecumenical_altar_sealed_demon

Action                   || total
-------------------------++-------
Melee: Trident           ||     9
Armor: Leather armour    ||     2
